 Dungeon Crawl Stone Soup version 0.25-a0-730-g633e9c3c14 (webtiles) character file.

Game seed: 8276400639529049838, levelgen mode: deterministic

11 vurker the Bolt Thrower (level 2, -2/18 HPs)
             Began as a Kobold Hunter on Apr 7, 2020.
             Slain by a kobold (3 damage)
             ... on level 1 of the Dungeon.
             The game lasted 00:00:31 (287 turns).

vurker the Bolt Thrower (Kobold Hunter)              Turns: 287, Time: 00:00:31

Health: -2/18      AC:  3    Str:  9    XL:     2   Next: 35%
Magic:  2/2        EV: 14    Int: 12    God:
Gold:   14         SH:  0    Dex: 15    Spells: 1/1 levels left

rFire    . . .     SeeInvis .   b - +0 short sword
rCold    . . .     Gourm    .   (shield restricted)
rNeg     . . .     Faith    .   c - +0 leather armour
rPois    .         Spirit   .   (no helmet)
rElec    .         Reflect  .   (no cloak)
rCorr    .         Harm     .   (no gloves)
MR       .....                  (no boots)
Stlth    ++........             (no amulet)
HPRegen  0.06/turn              (no ring)
MPRegen  0.08/turn              (no ring)

@: no status effects
A: small, carnivore
a: no special abilities


You were on level 1 of the Dungeon.
You were very full.

You visited 1 branch of the dungeon, and saw 1 of its levels.

You collected 14 gold pieces.

Inventory:

Hand Weapons
 a - a +1 hand crossbow
 b - a +0 short sword (weapon)
Missiles
 d - 36 bolts
Armour
 c - a +0 leather armour (worn)
Comestibles
 e - a ration


   Skills:
 + Level 2.5 Fighting
 * Level 5.3 Crossbows
 - Level 2.4 Dodging
 - Level 1.3 Stealth


You had one spell level left.
You didn't know any spells.
Your spell library was empty.

Dungeon Overview and Level Annotations

Branches:
Dungeon (1/15)

Altars:


Innate Abilities, Weirdness & Mutations

You are small and have problems with some larger weapons.
You are carnivorous and can eat meat at any time.


Message History

You closely miss the jackal. The jackal barely misses you.
You hit the jackal.
You kill the jackal!
The ball python bites you but does no damage.
The ball python grabs you. The ball python constricts you.
The ball python bites you but does no damage.
* * * LOW HITPOINT WARNING * * *
The ball python constricts you.
You closely miss the ball python.
The jackal bites you but does no damage.
The ball python misses you. The ball python constricts you.
The jackal closely misses you.
You closely miss the ball python. The ball python closely misses you.
* * * LOW HITPOINT WARNING * * *
The ball python constricts you. The jackal bites you.
* * * LOW HITPOINT WARNING * * *
You closely miss the ball python. The jackal bites you.
* * * LOW HITPOINT WARNING * * *
The ball python misses you. The ball python constricts you.
The jackal bites you.
* * * LOW HITPOINT WARNING * * *
You completely miss the ball python. The ball python barely misses you.
The ball python constricts you. The jackal closely misses you.
The ball python bites you.
* * * LOW HITPOINT WARNING * * *
* * * LOW HITPOINT WARNING * * *
The ball python constricts you.
You barely miss the ball python. The jackal barely misses you.
The ball python closely misses you. The ball python constricts you.
The jackal bites you but does no damage.
You hit the ball python. The ball python barely misses you.
The ball python constricts you. The jackal barely misses you.
You closely miss the ball python.
The jackal bites you but does no damage.
The ball python barely misses you.
* * * LOW HITPOINT WARNING * * *
The ball python constricts you. The jackal barely misses you.
The ball python closely misses you.
* * * LOW HITPOINT WARNING * * *
The ball python constricts you.
You hit the ball python.
You kill the ball python!
The jackal closely misses you.
The jackal bites you but does no damage.
You see here a ball python corpse.
You hit the jackal.
You kill the jackal!
You barely miss the kobold. The kobold closely misses you.
You barely miss the kobold. The kobold hits you.
You die... ...≈ ..P♣ # #ll

#. #h#
###.##K###.#
#....hhS...#
#.###.#.#######
#.K###h.....#
.......#.#@#####.#
####.####K## #.# #
#.# #.##########
#.# #...........
#.# ############
..# ###


You could see a jackal and a kobold.

Vanquished Creatures
  A dart slug (D:1)
  2 hobgoblins (D:1)
  2 jackals (D:1)
  A kobold (D:1)
  A ball python (D:1)
  A rat (D:1)
8 creatures vanquished.

Notes
Turn   | Place    | Note
-------+----------+-------------------------------------------
     0 | D:1      | vurker the Kobold Hunter began the quest for the Orb.
     0 | D:1      | Reached XP level 1. HP: 12/12 MP: 1/1
    71 | D:1      | Reached skill level 5 in Crossbows
   236 | D:1      | Reached XP level 2. HP: 17/18 MP: 2/2
   287 | D:1      | Slain by a kobold

Levels and vault maps discovered:
D:1:      mrwooster_arrival_statue_2, layout_loops_ring, minmay_misc_feat_tower,
          serial_bayou_pond_a

Skill      XL: |  1 |
---------------+----+-----
Crossbows      | 5 |  5.3
Fighting       | |  2.5
Dodging        | |  2.4
Stealth        | |  1.3

Action                   || total
-------------------------++-------
Melee: Short sword       ||    42
 Stab: Distracted        ||     1
  Eat: Chunk             ||     5
Armor: Leather armour    ||    18
Dodge: Dodged            ||    48

Table legend:
 A = Non-vault XP
 B = Vault XP
 C = Vault XP percentage of total XP
 D = Non-vault monster count
 E = Vault monster count
 F = Vault count percentage of total count
                 A         B        C        D         E       F
            +---------+---------+-------+---------+---------+-------
      Total |      16 |       0 |   0.0 |       8 |       0 |   0.0
            +---------+---------+-------+---------+---------+-------
        D:1 |      16 |       0 |   0.0 |       8 |       0 |   0.0
            +---------+---------+-------+---------+---------+-------
